 Dungeon Crawl Stone Soup version 0.21-a0-404-g291f19a (webtiles) character file.

51856 riteheju the Peltast (level 14, 0/135 HPs)
             Began as a Minotaur Fighter on Oct 26, 2017.
             Was the Champion of Okawaru.
             Slain by a death knight
             ... wielding a +2 glaive
              (16 damage)
             ... while paralysed by accursed screaming
             ... on level 3 of the Abyss.
             The game lasted 01:51:00 (14285 turns).

riteheju the Peltast (Minotaur Fighter)            Turns: 14285, Time: 01:51:02

Health: 0/135      AC: 27    Str: 27    XL:     14   Next: 25%
Magic:  11/13      EV:  2    Int:  5    God:    Okawaru [******]
Gold:   361        SH:  0    Dex: 10    Spells: 13/13 levels left

rFire    + + .     SeeInvis .   D - +7 trident (freeze)
rCold    + . .     Gourm    .   c - +1 shield
rNeg     + . .     Faith    .   m - +10 plate armour
rPois    .         Spirit   .   (helmet restricted)
rElec    .         Reflect  .   Z - scarf {rC+ rF+}
rCorr    .         Harm     .   j - +0 pair of gloves
MR       +....                  (no boots)
Stlth    ..........             i - amulet of regeneration
HPRegen  0.72/turn              R - +5 ring of slaying
MPRegen  0.13/turn              S - ring of positive energy

@: paralysed, mighty
A: retaliatory headbutt, horns 2, blink, fire resistance 1, mutation resistance
1, weak 1[+1], wild magic 1, sturdy frame 1
a: Blink, Heroism, Finesse, Renounce Religion


You were on level 3 of the Abyss.
You worshipped Okawaru.
Okawaru was exalted by your worship.
You were not hungry.

You visited 4 branches of the dungeon, and saw 15 of its levels.
You visited the Abyss 1 time.
You also visited: Ossuary.

You collected 1157 gold pieces.
You spent 796 gold pieces at shops.

Inventory:

Hand Weapons
 D - a +7 trident of freezing (weapon)
 M - the +4 Vampire's Tooth {vamp}
   (You found it on level 6 of the Dungeon)

   It inflicts no extra harm, but heals its wielder when it wounds a living foe.
 Y - the +9 heavy crossbow "Sniper" {velocity, Acc+∞ SInv}
   (You found it on level 10 of the Dungeon)

   Any bolt fired from it inflicts extra damage.
   It lets you see invisible.
Missiles
 k - 115 bolts
 T - 10 poisoned tomahawks (quivered)
Armour
 c - a +1 shield (worn)
 j - a +0 pair of gloves (worn)
 m - a +10 plate armour (worn)
 Z - a scarf of resistance (worn)
Jewellery
 i - an amulet of regeneration (around neck)
 C - a +2 amulet of reflection
 R - a +5 ring of slaying (left hand)
 S - a ring of positive energy (right hand)
Wands
 a - a wand of lightning (9/15)
 l - a wand of disintegration (14/24)
 t - a wand of enslavement (10/24)
 v - a wand of scattershot (3/9)
 z - a wand of digging (9/24)
 A - a wand of random effects (29/48)
 G - a wand of confusion (21/48)
 K - a wand of enslavement (12/24)
 N - a wand of random effects (22/48)
 O - a wand of random effects (33/48)
 P - a wand of iceblast (12/15)
 Q - a wand of flame (14/48)
 U - a wand of acid (7/15)
 X - a wand of digging (21/24)
Scrolls
 n - 3 scrolls of identify
 x - a scroll of fear
 y - a scroll of enchant armour
 B - 3 scrolls of remove curse
 F - a scroll of immolation
 L - 3 scrolls of fog
Potions
 d - a potion of might
 e - a potion of invisibility
 g - 2 potions of haste
 p - a potion of curing
 q - 4 potions of flight
 s - 2 potions of berserk rage
 u - 2 potions of ambrosia
 w - 4 potions of brilliance
 I - 2 potions of cancellation
 J - 2 potions of lignification
Books
 h - the Guide on Unholy Arts
   (You found it on level 1 of the Elven Halls)

   Spells                             Type                      Level
   a - Regeneration                   Charms/Necromancy            3
   b - Vampiric Draining              Necromancy                   3
   c - Bolt of Draining               Conjuration/Necromancy       5
   d - Agony                          Necromancy                   5
 V - a book of Enchantments

   Spells                             Type                      Level
   a - Cause Fear                     Hexes                        4
   b - Yara's Violent Unravelling     Hexes/Transmutation          5
   c - Silence                        Hexes/Air                    5
   d - Deflect Missiles               Charms/Air                   6
   e - Discord                        Hexes                        8
 W - a book of Misfortune

   Spells                             Type                      Level
   a - Confusing Touch                Hexes                        1
   b - Confuse                        Hexes                        3
   c - Gell's Gravitas                Translocation                3
   d - Petrify                        Transmutation/Earth          4
   e - Metabolic Englaciation         Hexes/Ice                    5
   f - Yara's Violent Unravelling     Hexes/Transmutation          5
Miscellaneous
 b - a phantom mirror
Comestibles
 f - 8 bread rations
 o - 4 royal jellies
 r - 6 fruits


   Skills:
 - Level 15.0 Fighting
 + Level 15.0 Polearms
 - Level 0.4 Throwing
 + Level 13.0 Armour
 + Level 5.5 Dodging
 - Level 15.0 Shields
 + Level 0.7 Invocations
 + Level 1.0 Evocations


You had 13 spell levels left.
You didn't know any spells.

Dungeon Overview and Level Annotations

Branches:
Dungeon (10/15)            Temple (1/1) D:5             Orc (2/2) D:10
    Elf (2/3) Orc:2
   Lair: D:8-11

Altars:
Ashenzari
Cheibriados
Dithmenos
Elyvilon
Fedhas
Gozag
Hepliaklqana
Kikubaaqudgha
Makhleb
Nemelex Xobeh
Okawaru
Qazlal
Ru
Sif Muna
Trog
Uskayaw
Vehumet
Wu Jian
Xom
Yredelemnul
Zin
The Shining One
Beogh

Shops:
D:4 ?   D:7 =?   Orc:2 ??!*


Innate Abilities, Weirdness & Mutations

You reflexively headbutt those who attack you in melee.
You have a pair of horns on your head.
You can translocate small distances at will.
Your flesh is heat resistant. (rF+)
You are somewhat resistant to further mutation.
Your spells are a little harder to cast, but a little more powerful.
Your movements are slightly less encumbered by armour. (ER -2)
[You are very weak. (Str -4)]


Message History

A starcursed mass splits.
You feel very mighty all of a sudden. You block the starcursed mass's attack.
You fail to use your ability.
You block the starcursed mass's attack.
You impale the starcursed mass!! You freeze the starcursed mass.
You destroy the starcursed mass!
Okawaru accepts your kill. You block the starcursed mass's attack.
You puncture the starcursed mass! You freeze the starcursed mass.
You destroy the starcursed mass!
Okawaru accepts your kill.
Something unseen opens the door.
You puncture the starcursed mass! You freeze the starcursed mass.
You destroy the starcursed mass!
Okawaru accepts your kill.
A deafening chorus of shrieks assaults your mind!
* * * LOW HITPOINT WARNING * * *
You suddenly lose the ability to move!
The death knight hits you from afar with an enchanted glaive!
You die...

. . # #' . . #.# .
.. .. ##.. ≈# ##
########.##≈≈# # ##
#.#...#.[..≈# . ..
#.. #........# .
.....#.X@.....#
.........##.X####'##
...... ..#XXpXX.. ..
.. . ...##X†(......
# ...X . ......#####
##....X...... p .. .
#. #..#..#.#.......
. .##....#.....#.#
## #...#.#... ...#.


You could see 5 starcursed masses and a death knight.

Vanquished Creatures
  An orc warlord (Orc:2)
  The ghost of p0werm0de the Fighter, a journeyman DECK of Xom (Elf:1)
  2 jiangshi (Abyss:3)
  Snorg (Orc:2)
  3 deep elf death magi (Elf:1)
  7 two-headed ogres
  A vampire mage (Abyss:3)
  5 orc high priests (Orc:2)
  6 dancing weapons
  3 thrashing horrors (Abyss:3)
  A deep elf knight (Elf:1)
  2 wretched stars (Abyss:3)
  A sixfirhy (Abyss:3)
  3 deep elf archers (Elf:1)
  A necromancer (Elf:1)
  3 orc knights (Orc:2)
  3 large abominations
  17 deep elf magi
  5 orc sorcerers (Orc:2)
  The ghost of Salmacis the Cudgeler, a novice OpBe of Trog (D:5)
  A tormentor (Abyss:3)
  5 trolls
  Prince Ribbit (D:6)
  The ghost of Lunath the Chopper, an amateur GnWn (D:4)
  2 hippogriffs
  3 raiju (Abyss:3)
  3 air elementals (Elf:1)
  11 yaks
  A water elemental (Elf:1)
  A ynoxinul (Abyss:3)
  Eustachio (D:6)
  A fire elemental (Elf:1)
  A hungry ghost (D:9)
  A small abomination (Abyss:3)
  Edmund (D:5)
  A water moccasin (D:9)
  A black bear (D:7)
  4 sky beasts
  35 orc warriors
  4 ice beasts
  A phantom (D:9)
  21 ogres
  2 centaurs
  2 big kobolds
  A crocodile (D:8)
  Blork the orc (D:4)
  6 bullfrogs
  2 earth elementals (Elf:1)
  3 elf zombies (Elf:1)
  4 gnoll sergeants
  A wyvern skeleton (D:10)
  3 scorpions
  5 killer bees (D:10)
  2 vampire bats (D:6)
  8 crimson imps
  2 howler monkeys
  2 bullfrog zombies (D:5)
  A quasit (D:5)
  7 jellies
  3 starcursed masses (Abyss:3)
  5 centaur skeletons
  5 hounds
  A human zombie (Ossuary)
  2 bullfrog skeletons
  24 orc priests
  17 orc wizards
  Terence (D:2)
  4 iguanas
  5 worker ants
  5 mummies
  2 hound zombies
  3 hound skeletons
  2 worker ant zombies (D:9)
  11 gnolls
  A howler monkey skeleton (D:6)
  12 adders
  A white imp (Abyss:3)
  2 oozes
  2 adder skeletons (D:5)
  3 adder zombies
  A worm (D:2)
  4 dart slugs
  5 leopard geckos
  111 orcs
  15 bats
  6 giant cockroaches
  A gnoll zombie (Ossuary)
  6 goblins
  10 hobgoblins
  15 jackals
  3 quokkas
  7 frilled lizards
  A goblin zombie (Ossuary)
  2 hobgoblin zombies
  2 jackal skeletons (D:6)
  13 kobolds
  4 kobold zombies
  A leopard gecko skeleton (D:4)
  A leopard gecko zombie (D:6)
  5 orc zombies
  A quokka zombie (D:6)
  6 rats
551 creatures vanquished.

Vanquished Creatures (others)
  An orc wizard (Orc:2)
1 creature vanquished.

Grand Total: 552 creatures vanquished

Notes
Turn   | Place    | Note
-------+----------+-------------------------------------------
     0 | D:1      | riteheju the Minotaur Fighter began the quest for the Orb.
     0 | D:1      | Reached XP level 1. HP: 19/19 MP: 0/0
   102 | D:1      | Reached XP level 2. HP: 26/27 MP: 1/1
   370 | D:1      | Reached XP level 3. HP: 33/33 MP: 2/2
  1026 | D:2      | Reached XP level 4. HP: 40/40 MP: 3/3
  1334 | D:3      | Noticed Terence
  1357 | D:2      | Killed Terence
  1616 | D:3      | Found a shadowy altar of Dithmenos.
  2010 | D:4      | Reached XP level 5. HP: 39/46 MP: 4/4
  2031 | D:4      | Reached skill level 5 in Shields
  2317 | D:4      | Noticed Lunath's ghost (amateur GnWn)
  2459 | D:4      | Found a stormy altar of Qazlal.
  2482 | D:4      | Noticed Edmund
  2664 | D:4      | Reached skill level 1 in Dodging
  2732 | D:4      | Reached skill level 5 in Polearms
  2732 | D:4      | Reached skill level 5 in Armour
  2732 | D:4      | Reached XP level 6. HP: 23/53 MP: 2/5
  2977 | D:4      | Noticed Blork the orc
  2992 | D:4      | Killed Blork the orc
  3198 | D:4      | Killed Lunath's ghost
  3198 | D:4      | Reached XP level 7. HP: 9/60 MP: 3/6
  3665 | D:4      | Found a sacrificial altar of Ru.
  3702 | D:4      | Found Rafotus's Magic Scroll Boutique.
  4258 | D:5      | Entered Level 5 of the Dungeon
  4434 | D:5      | Reached skill level 5 in Fighting
  4736 | D:5      | Reached XP level 8. HP: 64/68 MP: 7/7
  4852 | D:5      | Found a hazy altar of Hepliaklqana.
  4999 | D:5      | Noticed a hippogriff
  5008 | D:5      | Killed a hippogriff
  5098 | D:5      | Found a blossoming altar of Fedhas.
  5296 | D:5      | Found a staircase to the Ecumenical Temple.
  5310 | D:5      | Killed Edmund
  5427 | D:5      | Noticed Salmacis's ghost (novice OpBe)
  5494 | D:5      | Killed Salmacis's ghost
  5494 | D:5      | Reached XP level 9. HP: 61/77 MP: 8/8
  5631 | Temple   | Entered the Ecumenical Temple
  5775 | Temple   | Became a worshipper of Warmaster Okawaru
  6253 | D:6      | Found a sand-covered staircase.
  6261 | Ossuary  | Entered an ossuary
  6310 | Ossuary  | Gained mutation: You are partially covered in thin metallic scales. (AC +2) [potion of mutation]
  6310 | Ossuary  | Gained mutation: Potions are less effective at restoring your health. [potion of mutation]
  6310 | Ossuary  | Gained mutation: You are resistant to electric shocks. (rElec) [potion of mutation]
  6310 | Ossuary  | Gained mutation: You are robust. (+10% HP) [potion of mutation]
  6729 | D:6      | Noticed Prince Ribbit
  6732 | D:6      | Reached skill level 10 in Polearms
  6740 | D:6      | Killed Prince Ribbit
  6740 | D:6      | Reached * piety under Okawaru
  7002 | D:6      | Noticed Eustachio
  7017 | D:6      | Killed Eustachio
  7080 | D:6      | Found the +4 Vampire's Tooth {vamp}
  7167 | D:6      | Found a burning altar of Makhleb.
  7441 | D:7      | Found Zarutwomn's Magic Scroll Shoppe.
  7452 | D:7      | Bought a scroll of enchant weapon for 112 gold pieces
  7452 | D:7      | Bought a scroll of enchant weapon for 112 gold pieces
  7882 | D:7      | Found Leh Ela's Jewellery Emporium.
  7926 | D:7      | Lost mutation: You are robust. (+10% HP) [potion of mutation]
  7926 | D:7      | Lost mutation: Potions are less effective at restoring your health. [potion of mutation]
  7926 | D:7      | Lost mutation: You are resistant to electric shocks. (rElec) [potion of mutation]
  7926 | D:7      | Gained mutation: Scrolls take you a little longer to read. [potion of mutation]
  7926 | D:7      | Gained mutation: You possess an exceptional clarity of mind. [potion of mutation]
  7927 | D:7      | Lost mutation: Scrolls take you a little longer to read. [potion of mutation]
  7927 | D:7      | Lost mutation: You possess an exceptional clarity of mind. [potion of mutation]
  7927 | D:7      | Lost mutation: You are partially covered in thin metallic scales. (AC +2) [potion of mutation]
  7927 | D:7      | Gained mutation: You are agile. (Dex +2) [potion of mutation]
  7927 | D:7      | Gained mutation: [You are weak. (Str -2)] [potion of mutation]
  7927 | D:7      | Lost mutation: [You are weak. (Str -2)] [potion of mutation]
  7927 | D:7      | Gained mutation: You possess an exceptional clarity of mind. [potion of mutation]
  7928 | D:7      | Lost mutation: You possess an exceptional clarity of mind. [potion of mutation]
  7928 | D:7      | Lost mutation: You are agile. (Dex +2) [potion of mutation]
  7928 | D:7      | Gained mutation: You can translocate small distances at will. [potion of mutation]
  7928 | D:7      | Gained mutation: You are agile. (Dex +2) [potion of mutation]
  7928 | D:7      | Gained mutation: Your flesh is heat resistant. (rF+) [potion of mutation]
  7928 | D:7      | Gained mutation: Your spells are a little harder to cast, but a little more powerful. [potion of mutation]
  7988 | D:7      | Reached ** piety under Okawaru
  7988 | D:7      | Reached XP level 10. HP: 86/86 MP: 9/9
  8174 | D:8      | Noticed a two-headed ogre
  8339 | D:8      | Gained mutation: [You are weak. (Str -2)] [mutagenic meat]
  8340 | D:8      | Lost mutation: You are agile. (Dex +2) [mutagenic meat]
  8341 | D:8      | Gained mutation: You are somewhat resistant to further mutation. [mutagenic meat]
  8343 | D:8      | Gained mutation: Your movements are slightly less encumbered by armour. (ER -2) [mutagenic meat]
  8618 | D:8      | Killed a two-headed ogre
  8618 | D:8      | Reached *** piety under Okawaru
  9105 | D:9      | Reached **** piety under Okawaru
  9134 | D:9      | Found a bloodstained altar of Trog.
  9140 | D:9      | Noticed a two-headed ogre
  9145 | D:9      | Killed a two-headed ogre
  9145 | D:9      | Reached XP level 11. HP: 94/95 MP: 10/10
  9410 | D:10     | Entered Level 10 of the Dungeon
  9536 | D:10     | Received a gift from Okawaru
  9545 | D:10     | Reached skill level 10 in Shields
  9686 | D:10     | Reached ***** piety under Okawaru
  9715 | D:10     | Found a staircase to the Orcish Mines.
 10196 | D:10     | Found the +9 heavy crossbow "Sniper" {velocity, Acc+∞ SInv}
 10248 | Orc:1    | Entered Level 1 of the Orcish Mines
 10427 | Orc:2    | Entered Level 2 of the Orcish Mines
 10537 | Orc:2    | Noticed a two-headed ogre
 10542 | Orc:2    | Killed a two-headed ogre
 10575 | Orc:2    | Noticed a two-headed ogre
 10577 | Orc:2    | Noticed a two-headed ogre
 10580 | Orc:2    | Killed a two-headed ogre
 10580 | Orc:2    | Reached skill level 10 in Fighting
 10586 | Orc:2    | Killed a two-headed ogre
 10586 | Orc:2    | Received a gift from Okawaru
 10789 | Orc:2    | Noticed an orc high priest
 10818 | Orc:2    | Killed an orc high priest
 10831 | Orc:2    | Found a roughly hewn altar of Beogh.
 10921 | Orc:2    | Reached ****** piety under Okawaru
 10942 | Orc:2    | Noticed an orc knight
 10946 | Orc:2    | Reached XP level 12. HP: 107/108 MP: 11/11
 10955 | Orc:2    | Found Niofobli's General Store.
 10967 | Orc:2    | Found Wetzahoff's Distillery.
 10978 | Orc:2    | Reached skill level 10 in Armour
 11085 | Orc:2    | Noticed a two-headed ogre
 11092 | Orc:2    | Killed a two-headed ogre
 11257 | Orc:2    | Noticed Snorg
 11260 | Orc:2    | Noticed a two-headed ogre
 11294 | Orc:2    | Killed a two-headed ogre
 11295 | Orc:2    | Lost intelligence.
 11498 | Orc:2    | Killed Snorg
 11606 | Orc:2    | Received a gift from Okawaru
 11665 | Orc:2    | Noticed an orc warlord
 11674 | Orc:2    | Killed an orc warlord
 11881 | Orc:2    | Found a staircase to the Elven Halls.
 12022 | Orc:2    | Noticed an orc high priest
 12037 | Orc:2    | Killed an orc high priest
 12037 | Orc:2    | Reached skill level 1 in Evocations
 12123 | Orc:2    | Found Ficubed's Magic Scroll Shoppe.
 12123 | Orc:2    | Noticed an orc high priest
 12132 | Orc:2    | Killed an orc high priest
 12141 | Orc:2    | Bought a scroll of enchant armour for 112 gold pieces
 12141 | Orc:2    | Bought a scroll of enchant armour for 112 gold pieces
 12141 | Orc:2    | Bought a scroll of identify for 30 gold pieces
 12159 | Orc:2    | Found a roughly hewn altar of Beogh.
 12176 | Orc:2    | Noticed an orc high priest
 12184 | Orc:2    | Killed an orc high priest
 12184 | Orc:2    | Reached XP level 13. HP: 117/119 MP: 12/12
 12218 | Orc:2    | Found Izasav's Magic Scroll Boutique.
 12247 | Orc:2    | Bought 3 scrolls of enchant weapon for 270 gold pieces
 12247 | Orc:2    | Bought a scroll of identify for 24 gold pieces
 12247 | Orc:2    | Bought a scroll of identify for 24 gold pieces
 12484 | Elf:1    | Entered Level 1 of the Elven Halls
 12496 | Elf:1    | Received a gift from Okawaru
 12497 | Elf:1    | Found the +7 Kryia's mail coat {PotionHeal*2 rC+}
 12546 | Elf:1    | HP: 2/122 [earth elemental (11)]
 12829 | Elf:1    | Reached skill level 15 in Shields
 13070 | Elf:1    | Noticed p0werm0de's ghost (journeyman DECK)
 13105 | Elf:1    | Killed p0werm0de's ghost
 13266 | Elf:1    | Found a frozen archway.
 13307 | Elf:1    | Reached skill level 5 in Dodging
 13436 | Elf:1    | Noticed a deep elf death mage
 13449 | Elf:1    | Killed a deep elf death mage
 13449 | Elf:1    | Received a gift from Okawaru
 13470 | Elf:1    | Identified the Guide on Unholy Arts
 13622 | Elf:1    | Noticed a crystal guardian
 13624 | Elf:1    | Noticed a crystal guardian
 13626 | Elf:1    | Noticed a crystal guardian
 13627 | Elf:1    | Noticed a crystal guardian
 13682 | Elf:1    | Noticed a deep elf death mage
 13683 | Elf:1    | Noticed a deep elf death mage
 13690 | Elf:1    | Killed a deep elf death mage
 13694 | Elf:1    | Killed a deep elf death mage
 13700 | Elf:1    | Killed a ghostly deep elf death mage
 13956 | Elf:2    | Noticed a deep elf sorcerer
 13972 | Elf:2    | Reached skill level 15 in Fighting
 13981 | Elf:2    | Received a gift from Okawaru
 13982 | Elf:2    | Cast into level 3 of the Abyss (a deep elf sorcerer)
 14012 | Abyss:3  | Reached XP level 14. HP: 54/135 MP: 13/13
 14247 | Abyss:3  | Reached skill level 15 in Polearms
 14253 | Abyss:3  | Noticed a starcursed mass
 14278 | Abyss:3  | Paralysed by accursed screaming for 2 turns
 14285 | Abyss:3  | Paralysed by accursed screaming for 1 turns
 14285 | Abyss:3  | Slain by a death knight

Vault maps used:
D:1:      dpeg_arrival_court, minmay_misc_feat_plants, minmay_split_cup_large
D:3:      nicolae_dithmenos_shadow_blocks, uniq_terence
D:4:      grunt_qazlal_sundering, hangedman_ru_absence, serial_shops, shop,
          uniq_edmund, uniq_blork_the_orc
D:5:      minmay_opposing_rooms, marbit_many_paths,
          minmay_temple_entry_junction, first_bread, basic_altar,
          hangedman_decor_diamond_cutter, minmay_mini_ossuary
D:6:      lemuel_doored_altar, nicolae_ossuary_entry_giza,
          minmay_guarded_unrand_vampires_tooth, uniq_prince_ribbit1,
          uniq_eustachio
D:7:      serial_shops, shop_statue, shop
D:9:      bloody_trog
D:10:     kennysheep_orc_monster_closet_entryway
Temple:   regret_index_temple_sphere_string
Orc:1:    uniq_josephine
Orc:2:    pubby_orc_utopia, serial_shops, uniq_snorg
Elf:1:    minmay_elf_arrival_plus, portal_ice_cave_entry_pillars_three,
          minmay_elf_necromancy, minivault_4, hangedman_elf_power_crystal
Ossuary:  ossuary_crypta

Skill      XL: |  1  2  3  4  5  6  7  8  9 10 11 12 13 14 |
---------------+-------------------------------------------+-----
Shields        | 4 5 6 7 8 9 11 14 15 | 15.0
Armour         | 4 5 6 7 8 9 11 12 13 | 13.0
Fighting       | 4 5 6 7 8 10 12 15 | 15.0
Polearms       | 3 4 5 6 9 11 13 14 15 | 15.0
Dodging        | 1 2 3 4 5 |  5.5
Evocations     | 1 |  1.0
Throwing       | |  0.4
Invocations    | |  0.7

Action                   |  1- 3 |  4- 6 |  7- 9 | 10-12 | 13-15 || total
-------------------------+-------+-------+-------+-------+-------++-------
Melee: Trident           |   128 |   158 |   445 |   738 |   335 ||  1804
       Headbutt          |    14 |    24 |    53 |   126 |    76 ||   293
Throw: Stone             |       |       |     2 |       |       ||     2
Invok: Heroism           |       |       |       |     3 |     1 ||     4
 Abil: Blink             |       |       |       |     1 |       ||     1
Evoke: Wand              |       |       |       |     3 |       ||     3
  Use: Scroll            |     5 |     7 |    12 |    15 |     6 ||    45
       Potion            |       |     3 |     9 |     4 |     6 ||    22
  Eat: Chunk             |     1 |     4 |     5 |    17 |     2 ||    29
       Bread ration      |       |     1 |     2 |       |       ||     3
       Meat ration       |       |       |       |     1 |     1 ||     2
Armor: Scale mail        |    59 |    45 |   140 |    20 |       ||   264
       Plate armour      |       |       |       |   145 |   108 ||   253
Dodge: Dodged            |    45 |    33 |   114 |   141 |    76 ||   409
Block: Shield            |    64 |    76 |   206 |   299 |   166 ||   811

Table legend:
 A = Spawn XP
 B = Non-spawn XP
 C = Spawn XP percentage of total XP
 D = Spawn monster count
 E = Non-spawn monster count
 F = Spawn count percentage of total count
 G = Total turns spent on level
                    A         B        C        D         E        F      G
               +---------+---------+-------+---------+---------+-------+---------
         Total |    9743 |   64337 |  13.2 |      18 |     533 |   3.3 | 14285
               +---------+---------+-------+---------+---------+-------+---------
           D:1 |       0 |      46 |   0.0 |       0 |      29 |   0.0 |   547
           D:2 |       0 |     103 |   0.0 |       0 |      19 |   0.0 |   884
           D:3 |       0 |      33 |   0.0 |       0 |       9 |   0.0 |   663
           D:4 |       0 |     949 |   0.0 |       0 |      27 |   0.0 |  2484
           D:5 |       0 |    1875 |   0.0 |       0 |      50 |   0.0 |  1149
           D:6 |       0 |    1619 |   0.0 |       0 |      37 |   0.0 |  1035
           D:7 |       0 |     928 |   0.0 |       0 |      27 |   0.0 |   883
           D:8 |       0 |    1774 |   0.0 |       0 |      20 |   0.0 |   760
           D:9 |       0 |    3951 |   0.0 |       0 |      43 |   0.0 |   529
          D:10 |       0 |    4105 |   0.0 |       0 |      51 |   0.0 |   805
         Orc:1 |       0 |     883 |   0.0 |       0 |      16 |   0.0 |   179
         Orc:2 |       0 |   22801 |   0.0 |       0 |     147 |   0.0 |  2057
         Elf:1 |       0 |   20739 |   0.0 |       0 |      38 |   0.0 |  1422
         Elf:2 |       0 |    4297 |   0.0 |       0 |       6 |   0.0 |    76
       Abyss:3 |    9743 |     129 |  98.7 |      18 |       3 |  85.7 |   303
       Ossuary |       0 |     105 |   0.0 |       0 |      11 |   0.0 |   342
               +---------+---------+-------+---------+---------+-------+---------
